 Dungeon Crawl Stone Soup version 0.29.1-2-gbd0b4ee654 (webtiles) character file.

Game seed: 10665248602485744018

200 xian the Chopper (level 5, -1/48 HPs)
             Began as a Minotaur Berserker on Oct 24, 2022.
             Was a Believer of Trog.
             Slain by an orc
             ... wielding a +0 club
              (5 damage)
             ... on level 3 of the Dungeon.
             The game lasted 00:04:24 (2388 turns).

xian the Chopper (Minotaur Berserker)               Turns: 2388, Time: 00:04:25

Health: -1/48      AC:  2    Str: 29    XL:     5   Next: 48%
Magic:  4/4        EV: 12    Int:  4    God:    Trog [**....]
Gold:   227        SH:  0    Dex: 10    Spells: 4/4 levels left

rFire   . . .      SeeInvis .   a - +0 hand axe
rCold   . . .      Faith    .   (no shield)
rNeg    . . .      Spirit   .   b - +0 animal skin
rPois   .          Reflect  .   (helmet restricted)
rElec   .          Harm     .   (no cloak)
rCorr   .          Rampage  .   (no gloves)
Will    .....                   (no boots)
Stlth   +.........              (no amulet)
HPRegen 0.16/turn               g - +6 ring of strength
MPRegen 0.09/turn               (no ring)

@: on berserk cooldown, slowed, very slow
A: horns 2, retaliatory headbutt
a: Renounce Religion, Berserk, Trog's Hand


You were on level 3 of the Dungeon.
You worshipped Trog.
Trog was pleased with you.
You visited 1 branch of the dungeon, and saw 3 of its levels.

You collected 227 gold pieces.

Inventory:

Hand Weapons
 a - a +0 hand axe (weapon)
Missiles
 k - 3 poisoned darts (quivered)
Armour
 b - a +0 animal skin (worn)
Jewellery
 g - a +6 ring of strength (left hand)
Scrolls
 c - a scroll of blinking {unknown}
 e - 4 scrolls of enchant armour {unknown}
 f - a scroll of identify {unknown}
 h - a scroll of teleportation {unknown}
 i - a scroll of fear {unknown}
Potions
 d - 2 potions of might
 j - a potion of curing


   Skills:
 + Level 5.0 Fighting
 + Level 5.7 Axes
 + Level 3.0 Armour
 + Level 3.2 Dodging
 + Level 0.4 Stealth


You had 4 spell levels left.
You didn't know any spells.
Your spell library contained the following spells:

 Spells                   Type           Power      Damage    Failure   Level
 Magic Dart               Conj           0%         1d3       50%         1
 Call Imp                 Summ           0%         N/A       65%         2
 Mephitic Cloud           Conj/Pois/Air  0%         N/A       86%         3


Dungeon Overview and Level Annotations

Branches:
Dungeon (3/15)

Altars:
The Shining One

Shops:
D:1 =


Innate Abilities, Weirdness & Mutations

You have a pair of horns on your head.
You reflexively headbutt those who attack you in melee.


Message History

You are no longer berserk.
You are exhausted.
You feel yourself slow down. The orc hits you with a +0 club.
* * * LOW HITPOINT WARNING * * *
The orc wizard mumbles some strange words.
The orc wizard flickers and vanishes!
Deactivating autopickup; reactivate with Ctrl-A.
The orc attacks as you move away! The orc hits you with a +0 club.
* * * LOW HITPOINT WARNING * * *
The orc attacks as you move away! The orc hits you with a +0 flail.
* * * LOW HITPOINT WARNING * * *
You feel less confused.
The orc wizard points at you and mumbles some strange words.
You are confused.
The orc hits you with a +0 club.
* * * LOW HITPOINT WARNING * * *
Unknown command.
It was a potion of curing.
You feel better. The orc barely misses you. You furiously retaliate!
You headbutt the orc. The orc hits you but does no damage.
The orc wizard points at you and mumbles some strange words.
You resist with some effort. Something hits you.
* * * LOW HITPOINT WARNING * * *
The orc barely misses you. You furiously retaliate!
You headbutt the orc!
You kill the orc!
Trog accepts your kill.
The orc wizard casts a spell.
The orc wizard flickers and vanishes!
The quokka bites you but does no damage.
Something barely misses you. The orc barely misses you. The quokka bites you.
* * * LOW HITPOINT WARNING * * *
There is a stone staircase leading up here.
Things that are here:
a +0 flail; an orc corpse You hear some strange, mumbled words.
Something tries to affect you, but you resist.
The orc closely misses you. The quokka closely misses you.
The orc hits you with a +0 club.
You die...

.. ....#.# ..
...... #.#..#.#
#.$...# .#
##..#.#.#.#
#.###.#.)......
#(.....####
#...#ro...# #.#
##...#@{...# #.#
............# #.#
..#..##.....# #.# .
#.........#####.#
....##.......<##.#
...####..#####.##.#
## #....#####.##.#
####.##.......#
ยงยงยง..##.##.####


You could see an orc and a quokka.

Vanquished Creatures
  An orc wizard (D:3)
  Natasha (thrice) (D:2)
  3 adders (D:2)
  A gnoll (D:1)
  2 dart slugs
  3 orcs (D:3)
  3 endoplasms
  2 giant cockroaches
  5 goblins
  7 hobgoblins
  4 jackals (D:2)
  A quokka (D:1)
  3 ball pythons
  6 bats
  6 frilled lizards
  5 kobolds
  3 rats
58 creatures vanquished.

Vanquished Creatures (others)
  3 fungi (D:1)
  5 toadstools (D:1)
8 creatures vanquished.

Grand Total: 66 creatures vanquished

Notes
Turn   | Place    | Note
-------+----------+-------------------------------------------
     0 | D:1      | xian the Minotaur Berserker began the quest for the Orb.
     0 | D:1      | Reached XP level 1. HP: 19/19 MP: 0/0
     8 | D:1      | Reached XP level 2. HP: 22/27 MP: 1/1
   279 | D:1      | Found a faded altar of an unknown god.
   322 | D:1      | Found Kotouc's Jewellery Boutique.
   358 | D:1      | Reached XP level 3. HP: 29/33 MP: 2/2
   570 | D:1      | Reached ** piety under Trog
   754 | D:2      | Found a glowing golden altar of the Shining One.
  1237 | D:2      | Reached XP level 4. HP: 5/41 MP: 3/3
  1240 | D:2      | HP: 3/61 [poisoned by an adder]
  1580 | D:2      | Noticed Natasha
  1594 | D:2      | Killed Natasha
  1713 | D:2      | Noticed Natasha
  1727 | D:2      | Killed Natasha
  1728 | D:2      | Reached skill level 5 in Axes
  2019 | D:2      | Noticed Natasha
  2032 | D:2      | Killed Natasha
  2033 | D:2      | Reached XP level 5. HP: 17/47 MP: 4/4
  2376 | D:3      | Reached skill level 5 in Fighting
  2384 | D:3      | HP: 2/48 [orc/+0 club (4)]
  2388 | D:3      | Slain by an orc

Illustrated notes

Levels and vault maps discovered:
D:1:      eino_arrival_tree_alley, layout_rooms, serial_shops, shop,
          ebering_ecumenical_altar_hall, minmay_gold_behind_fungi,
          minmay_misc_feat_square
D:2:      layout_loops_cross, basic_altar, uniq_natasha
D:3:      layout_loops_cross, nzn_hepliaklqana_mist_gate, serial_shops,
          nicolae_shop_stone, nicolae_shop_behind_doors, nicolae_diamond_shop,
          hangedman_decor_riveting

Skill      XL: |  1  2  3  4  5 |
---------------+----------------+-----
Fighting       | 4 5 |  5.0
Axes           | 4 5 |  5.7
Armour         | 3 |  3.0
Dodging        | 3 |  3.2
Stealth        | |  0.4

Action                   |  1- 3 |  4- 6 || total
-------------------------+-------+-------++-------
Melee: Hand axe          |    91 |    30 ||   121
       Headbutt          |    10 |     5 ||    15
Invok: Berserk           |     1 |     5 ||     6
  Use: Potion            |       |     2 ||     2
Armor: Animal skin       |    30 |     4 ||    34
Dodge: Dodged            |    79 |    29 ||   108
